cohdb
Replays
Latest Replays
All Replays
Popular Replays
Top Player Replays
Match Explorer
How It Works
Community
CoH3 Stats
Reddit
Sign in to upload your games and track your stats! →
Sign in with Steam
Match 41511906
Unlisted
Match 41511906
Overview
Messages
Build Orders
End
Engineer Squad
Construct Barracks
Riflemen Squad
1⁄4-ton 4x4 Truck
Infantry Support Center
Riflemen Squad
Selects Advanced Infantry Battlegroup
Selects Convert to Ranger Squad
Ranger Squad
Convert to Ranger Squad
Ranger Squad
Advanced Logistics
Selects Frontline Medical Station
Selects Ranger Weapon Training
Ranger Squad
Construct Motor Pool
M1 Anti-tank Gun Team
Nil
OLDCOM
カルト_くん
Trash magnet
0
0
Comments
sign in to comment!
No comments posted yet!